 Dungeon Crawl Stone Soup version 0.26-a0-812-g31a745ddcd (webtiles) character file.

Game seed: 14846317565591955865

1166 Borgoz the Slasher (level 8, -3/66 HPs)
             Began as a Ghoul Gladiator on Dec 7, 2020.
             Was a Believer of Okawaru (penitent).
             Slain by an ogre
             ... wielding a +0 giant spiked club
              (28 damage)
             ... on level 5 of the Dungeon.
             The game lasted 00:11:30 (5852 turns).

Borgoz the Slasher (Ghoul Gladiator)                Turns: 5852, Time: 00:11:31

Health: -3/66      AC: 13    Str: 18    XL:     8   Next: 40%
Magic:  8/8        EV: 10    Int:  3    God:    Okawaru [*]
Gold:   164        SH:  6    Dex: 12    Spells: 5/8 levels left

rFire    + . .     SeeInvis .   a - +0 long sword
rCold    + + .     Faith    .   h - +2 buckler
rNeg     + + +     Spirit   .   e - +0 plate armour {rC+}
rPois    ∞         Reflect  .   c - +0 helmet
rElec    .         Harm     .   (no cloak)
rCorr    .         Rampage  .   (no gloves)
MR       .....                  (no boots)
Stlth    ..........             (no amulet)
HPRegen  0.00/turn              g - +4 ring of evasion
MPRegen  0.11/turn              n - ring of protection from fire

@: hasted, very quick
A: rotting body, claws 1, cold resistance 1, negative energy resistance 3,
inhibited regeneration, torment resistance, unbreathing
a: Renounce Religion


You were on level 5 of the Dungeon.
You worshipped Okawaru.
Okawaru was demanding penance.
You visited 2 branches of the dungeon, and saw 6 of its levels.
You also visited: Ossuary.

You collected 164 gold pieces.

Inventory:

Hand Weapons
 a - a +0 long sword (weapon)
 b - a +5 short sword
Missiles
 d - 2 throwing nets (quivered)
Armour
 c - a +0 helmet (worn)
 e - a +0 plate armour of cold resistance (worn)
 h - a +2 buckler (worn)
Jewellery
 g - a +4 ring of evasion (left claw)
 n - a ring of protection from fire (right claw)
Wands
 l - a wand of random effects (21)
 v - a wand of enslavement (7)
Scrolls
 i - a scroll of amnesia
 j - 2 scrolls of remove curse
 k - a scroll of blinking
Potions
 f - 2 potions of curing
 m - a potion of flight
 q - a potion of cancellation {unknown}
 s - 2 potions of brilliance {unknown}
 t - a potion of magic {unknown}
 u - a potion of resistance {unknown}
 w - a potion of berserk rage {unknown}


   Skills:
 + Level 4.2 Fighting
 * Level 5.3 Long Blades
 - Level 1.7 Throwing
 * Level 4.3 Armour
 + Level 4.2 Dodging
 + Level 2.4 Shields
 + Level 0.6 Spellcasting
 + Level 0.5 Hexes
 + Level 2.5 Invocations


You had 5 spell levels left.
You knew the following spells:

 Your Spells              Type           Power        Failure   Level
a - Confusing Touch       Hex            #.......     100%        3

Your spell library contained the following spells:

 Spells                   Type           Power        Failure   Level
 Corona                   Hex            #......      100%        1
 Ensorcelled Hibernation  Hex/Ice        #.....       100%        2
 Dazzling Flash           Conj/Hex       #.....       100%        3
 Tukima's Dance           Hex            #.......     100%        3


Dungeon Overview and Level Annotations

Branches:
Dungeon (5/15)             Temple (1/1) D:4         Ossuary (visited)

Altars:
Ashenzari
Cheibriados
Dithmenos
Elyvilon
Fedhas
Hepliaklqana
Kikubaaqudgha
Makhleb
Nemelex Xobeh
Okawaru
Sif Muna
Trog
Uskayaw
Vehumet
Wu Jian
Xom
Yredelemnul
The Shining One


Innate Abilities, Weirdness & Mutations

Your body is rotting away.
You thrive by killing the living.
You are immune to poison.
You have sharp fingernails.
Your flesh is cold resistant. (rC+)
You are immune to negative energy. (rN+++)
You do not regenerate when monsters are visible.
You are immune to unholy pain and torment.
You can survive without breathing.


Message History

The adder bites you but does no damage.
The ogre hits you with a +0 giant spiked club!
You feel better. The adder bites you but does no damage.
Okay, then.
You feel yourself speed up. The adder bites you but does no damage.
A hound zombie comes into view.
The ogre barely misses you.
You riposte.
You slash the ogre!
The ogre is moderately wounded.
The adder closely misses you.
Your plate armour prevents you from hitting the ogre.
The ogre is moderately wounded.
The adder closely misses you.
The ogre hits you with a +0 giant spiked club!
You hit the ogre.
The ogre is moderately wounded.
The adder bites you but does no damage.
You hit the ogre.
The ogre is heavily wounded.
The ogre hits you with a +0 giant spiked club!!
You die...

#.### #.# ##
#.########.#
.....<..##.#
#.#####.##.# #.#
#.##O# #.# #.##.# #
#.# #.##.####### .##
#.#####.##.o..OS.#...#
#.......########@OZ#
#######.# ###...# #.#
.## #.# .. #.# ## #.#
..# .#


You could see 2 ogres, an adder, an orc and a hound zombie.

Vanquished Creatures
  Edmund (D:5)
  Blork the orc (D:4)
  A bullfrog zombie (D:5)
  A hound (D:4)
  10 orc wizards
  2 bullfrog skeletons (D:4)
  An orc priest (D:3)
  Natasha (thrice) (D:2)
  An iguana (D:4)
  3 worker ants (D:4)
  8 big kobold zombies (Ossuary)
  A mummy (Ossuary)
  A howler monkey zombie (D:5)
  4 gnolls (D:3)
  5 adders
  2 worms
  A dart slug (D:3)
  3 leopard geckos
  18 orcs
  3 spectral bats (Ossuary)
  3 ball pythons
  8 bats
  2 giant cockroaches
  5 goblins
  11 hobgoblins
  4 jackals (D:1)
  11 kobolds
  3 quokkas
  4 bat simulacra (Ossuary)
  7 frilled lizards
  4 gnoll zombies (Ossuary)
  3 goblin simulacra (Ossuary)
  7 goblin zombies (Ossuary)
  4 hobgoblin zombies (Ossuary)
  4 kobold simulacra (Ossuary)
  2 kobold zombies (Ossuary)
  5 orc zombies (Ossuary)
  4 rats
  4 rat simulacra (Ossuary)
  2 spectral goblins (Ossuary)
  4 spectral kobolds (Ossuary)
  5 spectral rats (Ossuary)
176 creatures vanquished.

Vanquished Creatures (others)
  An orc warrior (D:5)
1 creature vanquished.

Grand Total: 177 creatures vanquished

Notes
Turn   | Place    | Note
-------+----------+-------------------------------------------
     0 | D:1      | Borgoz the Ghoul Gladiator began the quest for the Orb.
     0 | D:1      | Reached XP level 1. HP: 17/17 MP: 0/0
     9 | D:1      | You fall into a shaft and drop 1 floor!
     9 | D:2      | Found an iron altar of Okawaru.
    13 | D:2      | Became a worshipper of Warmaster Okawaru
    29 | D:2      | Found a faded altar of an unknown god.
    48 | D:2      | Reached skill level 3 in Long Blades
    48 | D:2      | Reached XP level 2. HP: 17/25 MP: 1/1
    51 | D:2      | Noticed Natasha
   173 | D:1      | Reached skill level 1 in Armour
   206 | D:1      | Reached XP level 3. HP: 23/30 MP: 2/2
  1211 | D:2      | Reached XP level 4. HP: 37/37 MP: 3/3
  1576 | D:2      | Killed Natasha
  2028 | D:2      | Noticed Natasha
  2035 | D:2      | Killed Natasha
  2035 | D:2      | Reached XP level 5. HP: 42/44 MP: 4/4
  2218 | D:2      | Noticed Natasha
  2227 | D:2      | Killed Natasha
  2476 | D:3      | Reached skill level 1 in Shields
  2532 | D:3      | Reached skill level 4 in Long Blades
  2532 | D:3      | Reached XP level 6. HP: 31/51 MP: 5/5
  2861 | D:3      | Found a basalt altar of Yredelemnul.
  2865 | D:3      | Found a broken altar of Ashenzari.
  2868 | D:3      | Found a shadowy altar of Dithmenos.
  2868 | D:3      | Found an ornate altar of the Wu Jian Council.
  2869 | D:3      | Found a shimmering blue altar of Sif Muna.
  2870 | D:3      | Found a sparkling altar of Nemelex Xobeh.
  2871 | D:3      | Found a bloodstained altar of Trog.
  2872 | D:3      | Found an iron altar of Okawaru.
  3545 | D:4      | Reached * piety under Okawaru
  3591 | D:4      | Noticed Blork the orc
  3610 | D:4      | Killed Blork the orc
  3610 | D:4      | Reached skill level 1 in Invocations
  3610 | D:4      | Reached XP level 7. HP: 53/57 MP: 6/6
  3615 | D:4      | Found a staircase to the Ecumenical Temple.
  3827 | D:4      | Found a sand-covered staircase.
  3849 | Ossuary  | Entered an ossuary
  4398 | Ossuary  | Reached ** piety under Okawaru
  4398 | Ossuary  | Reached skill level 5 in Long Blades
  4944 | D:4      | Reached XP level 8. HP: 63/66 MP: 8/8
  4973 | D:4      | Learned a level 3 spell: Confusing Touch
  5405 | D:5      | Entered Level 5 of the Dungeon
  5420 | Temple   | Entered the Ecumenical Temple
  5677 | D:5      | Noticed Edmund
  5693 | D:5      | Was placed under penance by Okawaru
  5710 | D:5      | Killed Edmund
  5805 | D:5      | Noticed a cyclops
  5852 | D:5      | Slain by an ogre

Illustrated notes

Levels and vault maps discovered:
D:1:      dpeg_arrival_simpleton_b, layout_loops_cross, minmay_vboxes
D:2:      layout_loops_ring, chequers_ecumenical_altar_island,
          okawaru_ov_weapons_minmay, uniq_natasha
D:3:      layout_loops_cross, minitemple
D:4:      layout_layer_cave, minmay_temple_entry_antechambers,
          chequers_ossuary_entry_cave, serial_park_tiny_pond,
          minmay_misc_feat_enclosed, uniq_blork_the_orc
D:5:      layout_loops_ring, chequers_jeans, fedhas_altar_fruit_tree,
          uniq_pikel, uniq_edmund
Temple:   eino_temple_lava

Skill      XL: |  1  2  3  4  5  6  7  8 |
---------------+-------------------------+-----
Long Blades    | 3 4 5 |  5.3
Armour         | 1 2 3 4 |  4.3
Dodging        | 3 4 |  4.2
Fighting       | 3 4 |  4.2
Shields        | 1 2 |  2.4
Invocations    | 1 2 |  2.5
Throwing       | |  1.7
Spellcasting   | |  0.6
Hexes          | |  0.5

Action                   |  1- 3 |  4- 6 |  7- 9 || total
-------------------------+-------+-------+-------++-------
Melee: Long sword        |   119 |   216 |   403 ||   738
Throw: Throwing net      |       |     3 |     1 ||     4
Evoke: Wand              |       |       |     1 ||     1
  Use: Scroll            |     4 |     7 |     5 ||    16
       Potion            |       |     3 |     3 ||     6
 Stab: Held in net/web   |       |     1 |       ||     1
Armor: Leather armour    |    15 |       |       ||    15
       Plate armour      |    67 |   110 |   233 ||   410
Dodge: Dodged            |    90 |    78 |   203 ||   371
Block: Buckler           |     3 |    71 |   128 ||   202
       Rpst.: Long sword |    36 |    27 |    52 ||   115

Table legend: (Time is in decaauts)
 A = Elapsed time spent in this place.
 B = Non-inter-level travel time spent in this place.
 C = Inter-level travel time spent in this place.
 D = Time resting spent in this place.
 E = Time spent auto-exploring this place.
 F = Levels seen in this place.
 G = Mean time per level.
                   A        B        C        D        E       F      G
               +--------+--------+--------+--------+--------+-----+--------+
         Total |   6009 |   5417 |    592 |    745 |   3103 |   7 |  858.4 |
       Dungeon |   5072 |   4488 |    584 |    697 |   2577 |   5 | 1014.4 |
        Temple |     82 |     75 |      7 |      0 |     74 |   1 |   82.0 |
       Ossuary |    854 |    854 |      0 |     48 |    452 |   1 |  854.0 |
               +--------+--------+--------+--------+--------+-----+--------+

Top non-repeatable levels by time:
     D:3: 1276 daAuts
     D:2: 1242 daAuts
     D:4: 1135 daAuts
     D:1: 1064 daAuts
 Ossuary: 854 daAuts
     D:5: 353 daAuts
  Temple: 82 daAuts
